 Dungeon Crawl Stone Soup version 0.23.2-33-g5129a83184 (webtiles) character file.

Game seed: 15514852074851064327

387 MalarOregon the Digger (level 6, 0/52 HPs)
             Began as a Ghoul Earth Elementalist on July 13, 2019.
             Killed from afar by Sigmund (5 damage)
             ... with a magic dart
             ... on level 4 of the Dungeon.
             The game lasted 00:16:54 (4531 turns).

MalarOregon the Digger (Ghoul Earth Elementalist)   Turns: 4531, Time: 00:16:55

Health: 0/52       AC:  7    Str: 12    XL:     6   Next: 78%
Magic:  7/9        EV: 12    Int: 12    God:
Gold:   160        SH:  0    Dex:  9    Spells: 9/10 levels left

rFire    + . .     SeeInvis .     - Unarmed
rCold    + . .     Gourm    .   (no shield)
rNeg     + + +     Faith    .   c - +0 robe
rPois    ∞         Spirit   .   s - +0 helmet
rElec    .         Reflect  .   (no cloak)
rCorr    .         Harm     .   (no gloves)
MR       .....                  f - +0 pair of boots
Stlth    ++........             (no amulet)
HPRegen  0.00/turn              i - ring of protection from fire
MPRegen  0.11/turn              m - +3 ring of protection

@: rotting
A: rotting body, claws 1, carnivore, cold resistance 1, negative energy
resistance 3, inhibited regeneration, torment resistance, unbreathing
a: no special abilities


You were on level 4 of the Dungeon.
You were not hungry.

You visited 1 branch of the dungeon, and saw 4 of its levels.

You collected 160 gold pieces.

Inventory:

Missiles
 b - 80 stones (quivered)
Armour
 c - a +0 robe (worn)
 f - a +0 pair of boots (worn)
   (You found it on level 1 of the Dungeon)
 s - a +0 helmet (worn)
   (You took it off Robin on level 3 of the Dungeon)
Jewellery
 i - a ring of protection from fire (left claw)
   (You found it on level 1 of the Dungeon)
 m - a +3 ring of protection (right claw)
   (You found it on level 2 of the Dungeon)
 q - an uncursed ring of wizardry
   (You found it on level 2 of the Dungeon)
Scrolls
 j - 3 scrolls of identify {unknown}
 k - 2 scrolls of enchant armour {unknown}
 n - 3 scrolls of teleportation {unknown}
 o - 2 scrolls of remove curse {unknown}
 p - a scroll of immolation {unknown}
 r - a scroll of magic mapping {unknown}
Potions
 d - 3 potions of curing {@q1}
 g - a potion of invisibility {unknown}
 h - 2 potions of haste {unknown}
 l - a potion of cancellation {unknown}
Comestibles
 e - 4 rations {!d}


   Skills:
 * Level 4.1 Fighting
 - Level 1.7 Dodging
 - Level 2.1 Stealth
 * Level 4.0 Unarmed Combat
 + Level 2.7 Spellcasting
   Level 0.8 Transmutations
 + Level 4.4 Earth Magic


You had 9 spell levels left.
You knew the following spells:

 Your Spells              Type           Power        Failure   Level  Hunger
a - Sandblast             Erth           ##....       4%          1    #......

Your spell library contained the following spells:

 Spells                   Type           Power        Failure   Level  Hunger
 Passwall                 Tmut/Erth      #.......     13%         2    ###....
 Stone Arrow              Conj/Erth      #.....       30%         3    ###....
 Petrify                  Tmut/Erth      #.......     65%         4    #####..
 Lee's Rapid Deconstruct  Erth           ##........   75%         5    ######.


Dungeon Overview and Level Annotations

Branches:
Dungeon (4/15)
 Temple: D:4-7

Altars:
Kikubaaqudgha
Okawaru
Sif Muna
Trog
Uskayaw

Annotations:
D:2 1 runed translucent door, Crazy Yiuf
D:3 exclusions: orc and orc priest
D:4 Sigmund


Innate Abilities, Weirdness & Mutations

Your body is rotting away.
You thrive on raw meat.
You are immune to poison.
You have sharp fingernails.
You are carnivorous and can eat meat at any time.
Your flesh is cold resistant. (rC+)
You are immune to negative energy. (rN+++)
You do not regenerate when monsters are visible.
You are immune to unholy pain and torment.
You can survive without breathing.


Message History

You close the door.
Sigmund opens the door.
You close the door.
Sigmund opens the door.
As you close the door, it creaks loudly!
Sigmund opens the door.
You close the door.
Sigmund opens the door.
You close the door.
Sigmund opens the door.
You close the door.
Sigmund opens the door.
You close the door.
Sigmund opens the door.
Sigmund looks at you with fury. Sigmund casts a spell at you.
The puff of flame hits you. You resist.
You close the door.
Sigmund opens the door.
You close the door.
There's nothing to close nearby.
You start resting.
Sigmund hits you from afar with a +5 scythe of protection!
* * * LOW HITPOINT WARNING * * *
Aim: Sigmund, wielding a +5 scythe of protection and wearing a +0 robe (severely wounded)
The blast of sand hits Sigmund.
b - 82 stones
Aim: Sigmund, wielding a +5 scythe of protection and wearing a +0 robe (almost dead)
The blast of sand misses Sigmund.
b - 81 stones Sigmund giggles. "Time to reap what you sow."
Sigmund hits you from afar with a +5 scythe of protection!
* * * LOW HITPOINT WARNING * * *
Aim: Sigmund, wielding a +5 scythe of protection and wearing a +0 robe (almost dead)
The blast of sand hits Sigmund but does no damage.
b - 80 stones Sigmund hits you from afar with a +5 scythe of protection!
* * * LOW HITPOINT WARNING * * *
You close the door.
There's nothing to close nearby.
There's nothing to close nearby.
There's nothing to close nearby.
There's nothing to close nearby.
There's nothing to close nearby.
There's nothing to close nearby.
There's nothing to close nearby.
You start resting.
Sigmund the Dreaded opens the door.
He is wielding a +5 scythe of protection.
You close the door.
Sigmund opens the door.
You close the door.
Sigmund opens the door.
You close the door.
Sigmund opens the door.
You close the door.
Sigmund opens the door.
You close the door.
Sigmund opens the door.
You close the door.
Sigmund opens the door.
Sigmund casts a spell at you. The magic dart hits you.
You die...

)..................#
####................#
#................#
##................####
###.................. ..##
.................... ..#
####.............#######{#
##............#≈≈≈≈≈#.#
##.....##...@#≈⌠.⌠≈#.#
###########.'@._..'.#
###≈⌠.⌠≈### #≈≈≈≈≈#
#######


You could see Sigmund.

Vanquished Creatures
  An eye of draining (D:3)
  Blork the orc (D:3)
  Natasha (twice) (D:4)
  2 worker ants
  Robin (D:3)
  3 adders
  2 oozes (D:1)
  4 dart slugs
  3 leopard geckos
  6 orcs
  2 ball pythons
  3 giant cockroaches
  14 goblins
  12 hobgoblins
  7 kobolds
  4 bats
  3 frilled lizards
  3 rats
73 creatures vanquished.

Notes
Turn   | Place    | Note
-------+----------+-------------------------------------------
     0 | D:1      | MalarOregon the Ghoul Earth Elementalist began the quest
                  | for the Orb.
     0 | D:1      | Reached XP level 1. HP: 14/14 MP: 2/2
   381 | D:1      | Reached XP level 2. HP: 12/22 MP: 0/3
   471 | D:1      | Reached skill level 1 in Fighting
   471 | D:1      | Reached skill level 1 in Unarmed Combat
   663 | D:1      | Reached XP level 3. HP: 10/28 MP: 1/5
  1166 | D:2      | Found a faded altar of an unknown god.
  1265 | D:2      | Reached XP level 4. HP: 31/36 MP: 0/6
  1372 | D:2      | Found a runed translucent door.
  1373 | D:2      | Noticed Crazy Yiuf
  1919 | D:3      | Reached XP level 5. HP: 27/42 MP: 7/7
  2241 | D:3      | Found a deep blue altar of Sif Muna.
  2278 | D:3      | Found a hide-covered altar of Uskayaw.
  2314 | D:3      | Found an ancient bone altar of Kikubaaqudgha.
  2823 | D:3      | Noticed an eye of draining
  2826 | D:3      | Found a bloodstained altar of Trog.
  2849 | D:3      | Killed an eye of draining
  2849 | D:3      | Reached XP level 6. HP: 49/50 MP: 0/8
  3054 | D:4      | Noticed Blork the orc
  3054 | D:4      | Noticed Robin
  3054 | D:4      | Noticed Natasha
  3251 | D:3      | Killed Blork the orc
  3254 | D:3      | Killed Robin
  3572 | D:4      | Killed Natasha
  3579 | D:4      | Noticed Natasha
  3719 | D:4      | Killed Natasha
  3908 | D:4      | Found an iron altar of Okawaru.
  3917 | D:4      | Noticed Sigmund
  4531 | D:4      | Killed from afar by Sigmund

Skill      XL: |  1  2  3  4  5  6 |
---------------+-------------------+-----
Fighting       | 1 2 3 4 |  4.1
Unarmed Combat | 1 2 3 4 |  4.0
Spellcasting   | 2 |  2.7
Earth Magic    | 4 |  4.4
Dodging        | |  1.7
Stealth        | |  2.1
Transmutations | |  0.8

Action                   |  1- 3 |  4- 6 || total
-------------------------+-------+-------++-------
Melee: Unarmed           |    76 |   173 ||   249
       Punch             |     1 |     1 ||     2
 Cast: Sandblast         |    25 |    64 ||    89
  Use: Potion            |       |     1 ||     1
 Stab: Sleeping          |       |     3 ||     3
  Eat: Chunk             |    10 |     9 ||    19
Armor: Robe              |    16 |    28 ||    44
Dodge: Dodged            |    70 |   142 ||   212
